 Dungeon Crawl Stone Soup version 0.15-a0 (webtiles) character file.

71386 Kae the Shatterer (level 14, -10/122 HPs)
             Began as a Minotaur Fighter on Mar 30, 2014.
             Was the Champion of Okawaru.
             Mangled by an ettin
             ... wielding a +2,+0 dire flail of protection
              (32 damage)
             ... on Level 15 of the Dungeon.
             The game lasted 00:59:29 (26028 turns).

Kae the Shatterer (Minotaur Fighter)               Turns: 26028, Time: 00:59:30

HP -10/122       AC 25     Str 25      XL: 14   Next: 86%
MP  15/15        EV  7     Int  8      God: Okawaru [******]
Gold 3033        SH  0     Dex 10      Spells:  0 memorised, 13 levels left

rFire  . . .     SeeInvis +     I - +13,+3 morningstar of Gremuaps {speed, rF- rN+ Str+2}
rCold  . . .     Clarity  .     T - +2 plate armour {rF+}
rNeg   + . .     Conserve .     (no shield)
rPois  .         rCorr    .     r - +0 hat {SInv}
rElec  .         rRot     .     p - +2 cloak
SustAb . .       Spirit   .     v - +0 pair of gloves
rMut   .         Warding  .     (no boots)
Saprov . . .     Stasis   .     U - amulet of faith
MR     +....                    D - ring of regeneration
                                C - +3 ring of protection

@: somewhat resistant to hostile enchantments, extremely unstealthy
A: retaliatory headbutt, horns 2
a: Heroism, Finesse, Renounce Religion


You were on level 15 of the Dungeon.
You worshipped Okawaru.
Okawaru was exalted by your worship.
You were very hungry.

You visited 4 branches of the dungeon, and saw 28 of its levels.
You also visited: Ossuary.

You collected 3141 gold pieces.
You spent 108 gold pieces at shops.

Inventory:

Hand weapons
 I - the +13,+3 morningstar of Gremuaps (weapon) {speed, rF- rN+ Str+2}
   (Okawaru gifted it to you on level 12 of the Dungeon)

   Attacks with this weapon are significantly faster.
   It affects your strength (+2).
   It makes you vulnerable to fire.
   It protects you from negative energy.
 P - a +4,+4 morningstar of freezing
 W - a +5,+0 great mace of flaming
Armour
 p - a +2 cloak (worn)
 r - a +0 hat of see invisible (worn)
 v - a +0 pair of gloves (worn)
 T - a +2 plate armour of fire resistance (worn)
Magical devices
 c - a wand of heal wounds (4)
 e - a wand of polymorph (12)
 t - a wand of cold (5)
 M - a wand of paralysis (3) {unknown}
 Z - a wand of disintegration (10)
Comestibles
 j - 4 bread rations
 m - 2 chokos
 q - an apple
Scrolls
 b - 2 scrolls of enchant armour
 f - a scroll of magic mapping
 l - 8 scrolls of fear
 o - 7 scrolls of remove curse
 u - 2 scrolls of blinking
 y - 4 scrolls of recharging
 A - 5 scrolls of teleportation
 B - a scroll of silence
 K - 7 scrolls of identify
 Q - a scroll of fog
 Y - 4 scrolls of amnesia
Jewellery
 g - a +3 ring of intelligence
 i - an uncursed amulet of clarity
 w - an uncursed ring of fire
 C - a +3 ring of protection (left hand)
 D - a ring of regeneration (right hand)
 H - an uncursed ring of flight
 L - an uncursed ring of fire
 R - an uncursed amulet of guardian spirit {unknown}
 U - an amulet of faith (around neck)
 V - an uncursed ring of sustenance
 X - an uncursed ring of protection from fire
Potions
 d - a potion of haste
 h - a potion of lignification
 k - 3 potions of heal wounds
 n - a potion of agility
 s - 15 potions of curing
 x - 6 potions of restore abilities
 E - 4 potions of brilliance
 F - 4 potions of magic
 G - a potion of might
 S - a potion of invisibility
Books
 a - a book of Conjurations

   Spells                             Type                      Level
   Magic Dart                         Conjuration                  1
   Searing Ray                        Conjuration                  2
   Dazzling Spray                     Conjuration/Hexes            3
   Fulminant Prism                    Conjuration/Hexes            4
   Iskenderun's Mystic Blast          Conjuration                  4
   Iskenderun's Battlesphere          Conjuration/Charms           5
 J - a book of Burglary

   Spells                             Type                      Level
   Apportation                        Translocation                1
   Swiftness                          Charms/Air                   2
   Passwall                           Transmutation/Earth          3
   Passage of Golubria                Translocation                4
   Lee's Rapid Deconstruction         Earth                        5
   Darkness                           Hexes                        7
Miscellaneous
 z - a legendary deck of war {the Pentagram}


   Skills:
 - Level 10.5 Fighting
 - Level 22.3 Maces & Flails
 - Level 11.0 Armour
 - Level 11.3 Dodging
   Level 3.6 Shields
 + Level 4.5 Evocations


You had 13 spell levels left.
You didn't know any spells.

Dungeon Overview and Level Annotations

Branches:
Dungeon (15/15)            Temple (1/1) D:6             Orc (4/4) D:11
    Elf (0/3) Orc:3          Lair (8/8) D:10         Shoals (0/5) Lair:5
 Spider (0/5) Lair:5        Slime (0/6) Lair:7       Vaults (0/5) D:13
 Depths: D:15

Altars:
Ashenzari
Cheibriados
Dithmenos
Elyvilon
Fedhas
Kikubaaqudgha
Makhleb
Nemelex Xobeh
Okawaru
Sif Muna
Trog
Vehumet
Xom
Yredelemnul
Zin
The Shining One
Jiyva

Shops:
D:5 }(   D:7 %?*(   D:15 =[?   Orc:4 ((%*[


Innate Abilities, Weirdness & Mutations

You reflexively headbutt those who attack you in melee.
You have a pair of horns on your head.


Message History

You are too injured to fight recklessly!
You are too injured to fight recklessly!
You are too injured to fight recklessly!
You hit the ettin.
The ettin is heavily wounded.
You hit the ettin.
You headbutt the ettin, but do no damage.
The ettin is heavily wounded.
The ettin hits you but does no damage. x2
You hit the ettin.
The ettin is heavily wounded.
You puncture the ettin!
You headbutt the ettin, but do no damage.
The ettin is severely wounded.
Your plate armour prevents you from hitting the ettin.
The ettin is severely wounded.
The ettin hits you with a runed dire flail!
* * * LOW HITPOINT WARNING * * *
The ettin hits you with a great mace!
You die...

####### #∩....#
#######.###.# #.....#.#
#.#
##########.###.#.###.#
#.......(........∩...#
###..#..)#.#.#####.##..##
.......C@..#.......##....
.....#..)..###.....#.....
####.###..#...<...#.)###
..# ..##.###.#.#..# #...
##.## ..#.#..# .. ..#
...#.#..### .#
#####....... ..
.........### .
............


You could see an ettin.

Vanquished Creatures
  A fire dragon (D:13)
  Harold (Lair:3)
  3 hydras
  Nessos (D:12)
  Erica (Lair:7)
  A deep troll (D:15)
  A deep elf knight (D:15)
  2 centaur warriors
  An unseen horror (D:12)
  3 wizards
  8 hill giants
  3 orc knights
  Joseph (D:7)
  2 cyclopes (D:14)
  4 black mambas
  A manticore (D:11)
  9 elephants
  14 spiny frogs
  An item mimic (Orc:1)
  A yaktaur (D:15)
  2 fire drakes
  2 orc sorcerers
  A freezing wraith (D:13)
  9 komodo dragons
  7 trolls
  A merfolk (D:10)
  Prince Ribbit (D:7)
  25 blink frogs
  2 two-headed ogres
  4 basilisks
  6 sharks
  39 yaks
  A deep elf mage (D:11)
  4 hungry ghosts
  3 vampire mosquitoes (Lair:8)
  A trapdoor spider (D:11)
  9 slime creatures
  An elephant slug (Lair:7)
  A hog (shapeshifter) (D:13)
  2 giant leeches (Lair:8)
  12 hippogriffs
  2 steam dragons (D:7)
  A soldier ant (D:13)
  A warg (Orc:1)
  4 ogres
  4 sky beasts
  11 water moccasins
  A tengu skeleton (D:12)
  12 porcupines
  37 orc warriors
  13 swamp worms (Lair:6)
  16 ice beasts
  4 black bears
  3 phantoms
  9 spiders (Lair:5)
  Eustachio (Orc:2)
  20 centaurs
  A giant goldfish (Lair:8)
  Duvessa (D:7)
  A brain worm (D:14)
  11 crocodiles
  10 giant slugs
  A gnoll sergeant (D:9)
  2 elf zombies (Ossuary)
  25 giant frogs
  A jelly (D:8)
  A wyvern zombie (D:14)
  A hippogriff zombie (D:10)
  13 killer bees
  2 scorpions
  3 electric eels
  A yak skeleton (D:7)
  Dowan (D:7)
  2 crimson imps
  A giant frog zombie (D:12)
  2 quasits
  2 eyes of draining
  3 goliath beetles
  A human zombie (Ossuary)
  18 orc priests
  3 centaur zombies (Ossuary)
  15 hounds
  A gnoll shaman (D:4)
  A black bear skeleton (D:6)
  9 iguanas
  A basilisk skeleton (D:11)
  9 big fish
  42 orc wizards
  12 worker ants
  A killer bee zombie (D:9)
  A big kobold zombie (Ossuary)
  23 sheep
  2 mummies (Ossuary)
  16 gnolls
  25 adders
  58 green rats
  A shadow imp (D:9)
  2 giant mites
  8 worms
  8 giant eyeballs
  9 giant geckos
  An ooze (D:3)
  169 orcs
  2 giant cockroaches (D:3)
  12 goblins
  18 hobgoblins
  28 jackals
  13 quokkas
  A ball python (D:3)
  25 bats
  7 giant newts
  A giant spore (D:12)
  A gnoll zombie (D:7)
  2 goblin zombies (Ossuary)
  7 hobgoblin zombies (Ossuary)
  2 jackal zombies (Ossuary)
  10 kobolds
  10 kobold zombies (Ossuary)
  2 orc skeletons
  10 orc zombies
  15 rats
  4 ballistomycetes
  A bush (D:13)
  2 plants
1025 creatures vanquished.

Vanquished Creatures (others)
  Pikel (D:6)
  4 slaves (D:6)
  2 giant spores
  A goblin (D:6)
  8 fungi
  A plant (Lair:6)
17 creatures vanquished.

Grand Total: 1042 creatures vanquished

Notes
Turn   | Place    | Note
--------------------------------------------------------------
     0 | D:1      | Kae, the Minotaur Fighter, began the quest for the Orb.
     0 | D:1      | Reached XP level 1. HP: 19/19 MP: 1/1
    85 | D:1      | Reached XP level 2. HP: 21/26 MP: 1/1
   214 | D:1      | Found a shimmering altar of Xom.
   270 | D:1      | Reached skill level 4 in Maces & Flails
   303 | D:1      | Reached XP level 3. HP: 31/31 MP: 2/2
   502 | D:2      | Reached skill level 5 in Maces & Flails
   563 | D:2      | Reached XP level 4. HP: 18/39 MP: 2/2
   940 | D:2      | Reached skill level 6 in Maces & Flails
  1334 | D:2      | Reached XP level 5. HP: 41/45 MP: 2/2
  2418 | D:4      | Reached skill level 7 in Maces & Flails
  2470 | D:4      | Reached XP level 6. HP: 30/51 MP: 3/3
  2684 | D:4      | Reached skill level 8 in Maces & Flails
  2927 | D:5      | Entered Level 5 of the Dungeon
  2973 | D:5      | Paralysed by a giant eyeball for 3 turns
  3090 | D:5      | Found Shreol's Gadget Boutique.
  3199 | D:5      | Found Psiruh's Weapon Shop.
  3208 | D:5      | Reached skill level 9 in Maces & Flails
  3237 | D:5      | Reached XP level 7. HP: 54/57 MP: 3/3
  3500 | D:5      | Reached skill level 10 in Maces & Flails
  3590 | D:6      | Killed Pikel
  3604 | D:6      | Found a sand-covered staircase.
  3612 | Ossuary  | Entered an ossuary
  3850 | Ossuary  | Reached skill level 11 in Maces & Flails
  3861 | Ossuary  | Reached XP level 8. HP: 33/64 MP: 3/3
  4086 | D:6      | Found a staircase to the Ecumenical Temple.
  4195 | Temple   | Entered the Ecumenical Temple
  4245 | Temple   | Became a worshipper of Warmaster Okawaru
  4515 | D:6      | Paralysed by a giant eyeball for 4 turns
  4695 | D:6      | Reached skill level 12 in Maces & Flails
  4992 | D:7      | Found Kiumol's Magic Scroll Boutique.
  4998 | D:7      | Found Icer's General Store.
  5001 | D:7      | Noticed Prince Ribbit
  5013 | D:7      | Killed Prince Ribbit
  5052 | D:7      | Noticed a troll
  5059 | D:7      | Killed a troll
  5059 | D:7      | Acquired Okawaru's first power
  5059 | D:7      | Reached skill level 13 in Maces & Flails
  5137 | D:7      | Noticed Joseph
  5259 | D:7      | Killed Joseph
  5259 | D:7      | Reached XP level 9. HP: 47/70 MP: 2/4
  5303 | D:7      | Reached skill level 14 in Maces & Flails
  5503 | D:7      | Noticed Dowan
  5504 | D:7      | Noticed Duvessa
  5525 | D:7      | Got a faintly glowing ring mail
  5544 | D:7      | Killed Duvessa
  5548 | D:7      | Killed Dowan
  5612 | D:7      | Found Giatt's Food Emporium.
  5621 | D:7      | Found Mofuosk's Antique Weapon Boutique.
  5628 | D:7      | Bought a runed morningstar for 108 gold pieces
  5640 | D:7      | Identified the +5 ring mail "Aroo" {rF+ Int-2} (You found it on level 7 of the Dungeon)
  5964 | D:7      | Reached skill level 15 in Maces & Flails
  6291 | D:8      | Gained mutation: You have a slow metabolism. [potion of beneficial mutation]
  6975 | D:9      | Reached skill level 16 in Maces & Flails
  6986 | D:9      | Reached XP level 10. HP: 74/77 MP: 3/4
  7358 | D:9      | Paralysed by a giant eyeball for 4 turns
  7580 | D:9      | Reached skill level 17 in Maces & Flails
  7632 | D:10     | Entered Level 10 of the Dungeon
  7722 | D:10     | Noticed a hill giant
  7886 | D:10     | Paralysed by a giant eyeball for 2 turns
  7976 | D:10     | Paralysed by a giant eyeball for 4 turns
  8071 | D:10     | Paralysed by a giant eyeball for 4 turns
  8207 | D:10     | Found a staircase to the Lair.
  8359 | D:10     | Noticed a hill giant
  8364 | D:10     | Killed a hill giant
  8364 | D:10     | Reached skill level 18 in Maces & Flails
  8473 | D:10     | Killed a hill giant
  8547 | Lair:1   | Entered Level 1 of the Lair of Beasts
  8600 | Lair:1   | Noticed a black mamba
  8616 | Lair:1   | Killed a black mamba
  8746 | Lair:1   | Reached XP level 11. HP: 80/82 MP: 4/4
  9547 | Lair:2   | Reached skill level 19 in Maces & Flails
  9554 | Lair:2   | Acquired Okawaru's second power
 10642 | Lair:3   | Found a labyrinth entrance.
 10806 | Lair:3   | Found a frozen archway.
 10834 | Lair:3   | Reached skill level 20 in Maces & Flails
 11086 | Lair:3   | Noticed Harold
 11101 | Lair:3   | Killed Harold
 11101 | Lair:3   | Received a gift from Okawaru
 11737 | Lair:4   | Reached XP level 12. HP: 84/90 MP: 5/5
 11808 | Lair:4   | Noticed a four-headed hydra
 11814 | Lair:4   | Killed a four-headed hydra
 11814 | Lair:4   | Reached skill level 21 in Maces & Flails
 12052 | Lair:4   | Received a gift from Okawaru
 12962 | Lair:5   | Reached skill level 22 in Maces & Flails
 12972 | Lair:5   | Found a hole to the Spider Nest.
 13234 | Lair:5   | Found a staircase to the Shoals.
 13464 | Lair:5   | Received a gift from Okawaru
 13858 | Lair:6   | Reached skill level 1 in Dodging
 13888 | Lair:6   | Got a brightly glowing plate armour
 13908 | Lair:6   | Identified the +0 plate armour of the Queen {Dex+2 Int+4} (You found it on level 6 of the Lair of Beasts)
 14326 | Lair:6   | Reached skill level 5 in Fighting
 14339 | Lair:6   | Reached skill level 5 in Armour
 15076 | Lair:6   | Received a gift from Okawaru
 15288 | Lair:7   | Reached XP level 13. HP: 89/102 MP: 5/5
 15386 | Lair:7   | Noticed a four-headed hydra
 15396 | Lair:7   | Killed a four-headed hydra
 15512 | Lair:7   | Noticed Erica
 15514 | Lair:7   | Lost mutation: You have a slow metabolism. [potion of cure mutation]
 15522 | Lair:7   | Killed Erica
 15585 | Lair:7   | Reached skill level 5 in Dodging
 15960 | Lair:7   | Found a viscous altar of Jiyva.
 15960 | Lair:7   | Found a staircase to the Slime Pits.
 16166 | Lair:8   | Entered Level 8 of the Lair of Beasts
 16775 | Lair:8   | Received a gift from Okawaru
 17226 | Lair:8   | HP: 3/108 [blink frog (10)]
 18762 | D:11     | Paralysed by a giant eyeball for 3 turns
 18821 | D:11     | Found a staircase to the Orcish Mines.
 19316 | Orc:1    | Entered Level 1 of the Orcish Mines
 19901 | Orc:2    | Noticed Eustachio
 19903 | Orc:2    | Killed Eustachio
 20254 | Orc:2    | Paralysed by an orc sorcerer for 7 turns
 20585 | Orc:3    | Found a staircase to the Elven Halls.
 20593 | Orc:3    | Received a gift from Okawaru
 20593 | Orc:3    | Reached XP level 14. HP: 87/118 MP: 3/5
 20713 | Orc:4    | Entered Level 4 of the Orcish Mines
 20713 | Orc:4    | Found Fiss' Antique Armour Shoppe.
 21453 | Orc:4    | Reached skill level 10 in Armour
 22552 | Orc:4    | Found Olappual's Food Emporium.
 22552 | Orc:4    | Found Skaplah's Weapon Boutique.
 22555 | Orc:4    | Found Klunkyeb's Weapon Shop.
 22557 | Orc:4    | Found Movuatid's Assorted Antiques.
 22951 | D:12     | Reached skill level 10 in Fighting
 23236 | D:12     | Noticed Nessos
 23250 | D:12     | Killed Nessos
 23942 | D:12     | Received a gift from Okawaru
 23947 | D:12     | Got a pitted morningstar {god gift}
 23948 | D:12     | Identified the +13,+3 morningstar of Gremuaps {speed, rF- rN+ Str+2} (Okawaru gifted it to you on level 12 of the Dungeon)
 24110 | D:13     | Found a blossoming altar of Fedhas.
 24415 | D:13     | Reached skill level 1 in Evocations
 24420 | D:13     | Reached skill level 10 in Dodging
 24789 | D:13     | Found a gate to the Vaults.
 25215 | D:14     | Received a gift from Okawaru
 25929 | D:15     | Entered Level 15 of the Dungeon
 25929 | D:15     | Found Molef's Antique Armour Emporium.
 25931 | D:15     | Found Strurybe's Jewellery Boutique.
 25971 | D:15     | Found Wiuluuw's Magic Scroll Shop.
 26028 | D:15     | Mangled by an ettin

Action                   |  1- 3 |  4- 6 |  7- 9 | 10-12 | 13-15 || total
-------------------------+-------+-------+-------+-------+-------++-------
Melee: Flail             |    77 |   199 |   278 |       |       ||   554
       Morningstar       |       |       |    93 |   744 |   300 ||  1137
       Unarmed           |       |       |    13 |       |       ||    13
       Great mace        |       |       |       |   234 |  1034 ||  1268
Invok: Heroism           |       |       |     4 |     4 |     7 ||    15
Evoke: Wand              |       |       |     2 |     5 |     3 ||    10
  Use: Potion            |       |     3 |     7 |     4 |     4 ||    18
       Scroll            |       |     8 |    13 |    10 |     5 ||    36
 Stab: Invisible         |       |       |     6 |       |       ||     6
